AoeStats
← 队友打架我劝导

Arabia

510737209Analyzed
1v1 RM · 10h ago on Oct 2, 2026· 49m 18s· 2 players
Game mode
Random Map
Map size
Tiny (2 player)
Population
200
Speed
Normal
Resources
Standard
Victory
Conquest
Starting age
Dark Age
Ending age
Imperial Age
RankedLock teamsTeams togetherTeam positionsShared explorationLock speedFull tech treeHidden civsTurbo modeCheats
Victory
Defeat
1088
+16
🇳🇿 Byzantines · New Zealand
1096
-16
队友打架我劝导
9:33 Feudal Age
13:29 Forging
13:21 Scale Mail Armor
22:49 Castle Age
20:35 Loom
20:38 Horse Collar
20:45 Double-Bit Axe
20:52 Gold Mining
22:33 Wheelbarrow
21:44 Town Watch
22:26 Stone Mining
23:48 Fletching
24:20 Bow Saw
24:13 Heavy Plow
26:57 Scale Barding Armor
27:27 Iron Casting
26:57 Husbandry
28:25 Chain Barding Armor
33:45 Imperial Age
32:38 Bodkin Arrow
32:44 Padded Archer Armor
32:53 Elite Skirmisher
34:23 Leather Archer Armor
34:25 Chain Mail Armor
34:58 Thumb Ring
34:58 Elite Konnik
36:44 Ballistics
37:25 Chemistry
36:54 Conscription
37:22 Bloodlines
38:59 Squires
38:44 Gambesons
38:20 Pikeman
39:57 Gold Shaft Mining
39:56 Crop Rotation
39:56 Hand Cart
39:41 Town Patrol
40:40 Plate Barding Armor
40:06 Bracer
41:07 Blast Furnace
40:46 Plate Mail Armor
41:39 Stirrups
42:05 Murder Holes
43:58 Hand Cart
46:05 Siege Engineers
46:25 Masonry
45:46 Halberdier
46:12 Arson
46:18 Light Cavalry
Emperor Cuntstantine
9:32 Loom
11:58 Feudal Age
15:50 Double-Bit Axe
23:45 Castle Age
24:29 Forging
25:26 Scale Barding Armor
35:30 Imperial Age
33:18 Padded Archer Armor
35:37 Leather Archer Armor
37:12 Chemistry
36:38 Conscription
42:02 Fletching
43:22 Elite Skirmisher
46:17 Bodkin Arrow
46:52 Ring Archer Armor
47:43 Bracer
Connection lost

Rejoining the realm…

Still unreachable

The connection could not be restored.

Session expired

The server has moved on; the page needs a fresh start.